[Event "GM ZIA Smirity-A 2025"]
[Site "Dhaka"]
[Date "2025.02.17"]
[Round "2.1"]
[White "Mohammad, Javed"]
[Black "Zia, Tahsin Tajwar"]
[Result "1/2-1/2"]
[Annotator "ChessBase"]
[ECO "B13"]
[WhiteElo "2139"]
[BlackElo "2323"]
[PlyCount "83"]
[EventDate "2025.02.17"]
[EventType "swiss"]
[EventCountry "BAN"]
[SourceTitle "playchess.com"]
[Source "ChessBase"]
[SourceQuality "1"]
[TimeControl "5400+30"]

1. e4 c6 2. d4 d5 3. exd5 cxd5 4. c4 Nf6 5. Nc3 Nc6 6. Nf3 a6 7. Bg5 Be6 8. c5 g6 9. Bxf6 exf6 10. Be2 Bg7 11. h3 f5 12. Qa4 O-O 13. Rd1 Rc8 14. b4 h6 15. a3 g5 16. Qc2 Qf6 17. b5 axb5 18. Nxb5 Ra8 19. g3 f4 20. g4 Qe7 21. O-O h5 22. Bd3 Bf6 23. Bf5 Kg7 24. Rfe1 Rh8 25. Kg2 Qd7 26. Bxe6 fxe6 27. Nd6 Rxa3 28. Qe2 hxg4 29. hxg4 Rxf3 30. Qxf3 Nxd4 31. Rxd4 Bxd4 32. Rb1 Rb8 33. Qd3 f3+ 34. Kg1 Qa4 35. Qxf3 Qd7 36. Qd3 Qa4 37. Qf3 Qd7 38. Qd3 Qa4 39. Qf3 Bf6 40. Qd3 Qd7 41. Kg2 Qa4 42. Kg1 1/2-1/2

[Event "GM ZIA Smirity-A 2025"]
[Site "Dhaka"]
[Date "2025.02.17"]
[Round "2.4"]
[White "Sakline Mostafa, Sajid"]
[Black "Wadifa, Ahmed"]
[Result "1-0"]
[Annotator "RC"]
[ECO "B52"]
[WhiteElo "2199"]
[BlackElo "2053"]
[PlyCount "111"]
[EventDate "2025.02.17"]
[EventType "swiss"]
[EventCountry "BAN"]
[SourceTitle "playchess.com"]
[Source "ChessBase"]
[SourceQuality "1"]
[TimeControl "5400+30"]

1. e4 c5 2. Nf3 d6 3. Bb5+ Bd7 4. Bxd7+ Nxd7 5. c4 Ne5 6. Nxe5 dxe5 7. O-O e6 8. Nc3 Ne7 9. d3 Nc6 10. Be3 Be7 11. a3 O-O 12. Rb1 Qd7 13. Qc2 Rad8 14. Rfd1 h6 15. Qa4 Nd4 16. Qxd7 Rxd7 17. Kf1 Nb3 18. g3 g5 19. Ke2 Kh7 20. Na2 f5 21. f3 f4 22. Bf2 fxg3 23. hxg3 Bd6 24. Rf1 h5 25. Nc1 Nd4+ 26. Bxd4 exd4 27. Kf2 Rdf7 28. Kg2 Kg6 29. Ne2 a6 30. b4 b6 31. e5 Bxe5 32. bxc5 bxc5 33. Rb6 Rf6 34. Rc6 Rb8 35. Rxc5 Bd6 36. Rc6 Bxa3 37. Rxa6 Rb2 38. Rf2 Bc5 39. Nf4+ gxf4 40. Rxb2 fxg3 41. Rb5 Bf8 42. Kxg3 Bh6 43. c5 Bf4+ 44. Kg2 Kh6 45. Rbb6 Rg6+ 46. Kf1 Rg3 47. Rxe6+ Kg5 48. Rg6+ Kh4 49. Rxg3 Kxg3 50. Rg6+ Kxf3 51. Rf6 h4 52. c6 h3 53. c7 h2 54. Rxf4+ Kg3 55. Rh4 Kxh4 56. Kg2 1-0

[Event "GM ZIA Smirity-A 2025"]
[Site "Dhaka"]
[Date "2025.02.17"]
[Round "2.5"]
[White "Noshin, Anjum"]
[Black "Islam, Khandaker Aminul"]
[Result "1/2-1/2"]
[Annotator "RC"]
[ECO "B30"]
[WhiteElo "2053"]
[BlackElo "2169"]
[PlyCount "143"]
[EventDate "2025.02.17"]
[EventType "swiss"]
[EventCountry "BAN"]
[SourceTitle "playchess.com"]
[Source "ChessBase"]
[SourceQuality "1"]
[TimeControl "5400+30"]

1. e4 c5 2. Nf3 Nc6 3. Bb5 Nf6 4. Nc3 Nd4 5. Bc4 d6 6. Nxd4 cxd4 7. Nd5 Nd7 8. d3 e6 9. Nf4 Ne5 10. Bb3 g6 11. Ne2 Nc6 12. Bf4 Bg7 13. O-O h6 14. Bg3 O-O 15. f4 Kh7 16. Bf2 f5 17. exf5 Rxf5 18. Qe1 a5 19. c3 a4 20. Bc2 a3 21. b3 dxc3 22. d4 Rf8 23. Qxc3 e5 24. dxe5 dxe5 25. Rad1 Qc7 26. fxe5 Bxe5 27. Qc5 Bg4 28. Bg3 Rxf1+ 29. Kxf1 Bxg3 30. hxg3 Qf7+ 31. Qf2 Qe7 32. Re1 Bxe2+ 33. Rxe2 Qg7 34. Qe1 Rf8+ 35. Rf2 Nd4 36. Bxg6+ Kxg6 37. Qe4+ Nf5 38. g4 Qa1+ 39. Ke2 Qxa2+ 40. Kf1 Qa1+ 41. Ke2 Qb2+ 42. Kf1 Qc1+ 43. Ke2 Qb2+ 44. Kf1 Qc1+ 45. Ke2 Qc6 46. gxf5+ Kh7 47. Qxc6 bxc6 48. Kd3 Kg7 49. Ra2 Ra8 50. Kc4 Kf6 51. Kb4 Kxf5 52. Kc3 Kg4 53. b4 Kg3 54. Kb3 h5 55. Kc4 h4 56. Kc5 Ra6 57. Kc4 Kf4 58. Kd4 Kg3 59. Kc5 Kh2 60. g4+ Kg3 61. g5 Kg4 62. g6 h3 63. g7 Ra8 64. Rxa3 Rg8 65. Ra1 h2 66. Kxc6 Rxg7 67. Rh1 Kg3 68. b5 Kg2 69. Rxh2+ Kxh2 70. b6 Kg3 71. b7 Rxb7 72. Kxb7 1/2-1/2

[Event "GM ZIA Smirity-A 2025"]
[Site "Dhaka"]
[Date "2025.02.17"]
[Round "2.6"]
[White "Mehdi Hasan Parag"]
[Black "Chowdhury, Sohel"]
[Result "1-0"]
[Annotator "RC"]
[ECO "B81"]
[WhiteElo "2158"]
[BlackElo "2018"]
[PlyCount "103"]
[EventDate "2025.02.17"]
[EventType "swiss"]
[EventCountry "BAN"]
[SourceTitle "playchess.com"]
[Source "ChessBase"]
[SourceQuality "1"]
[TimeControl "5400+30"]

1. e4 c5 2. Nf3 d6 3. d4 cxd4 4. Nxd4 Nf6 5. Nc3 a6 6. h3 e6 7. g4 b5 8. g5 Nfd7 9. Bg2 Bb7 10. Be3 Qc7 11. h4 Nc6 12. h5 Nc5 13. Nxc6 Qxc6 14. a3 O-O-O 15. Qd4 Rg8 16. O-O-O f5 17. f3 e5 18. Qd2 f4 19. Bxc5 Qxc5 20. Bh3+ Kb8 21. Be6 Rh8 22. Bd5 Be7 23. Rhg1 Bc8 24. Bb3 Bb7 25. Kb1 Rd7 26. Bd5 Bd8 27. Bxb7 Kxb7 28. Qd5+ Qxd5 29. Nxd5 Bb6 30. Rg2 Rc8 31. h6 Bc5 32. Rh1 g6 33. Rd1 a5 34. c3 Rcd8 35. b4 axb4 36. axb4 Bb6 37. Rgd2 Kc6 38. Kb2 Be3 39. Re2 Ra7 40. Ra1 Rdd7 41. Nf6 Rf7 42. Rxa7 Rxa7 43. Kb3 Bb6 44. Ra2 Rf7 45. Ra8 Bf2 46. Rc8+ Kb7 47. Rg8 Bh4 48. Rg7 Rc7 49. Nd5 Rd7 50. Rg8 Rf7 51. Rf8 Kc6 52. Rc8+ 1-0

[Event "GM ZIA Smirity-A 2025"]
[Site "Dhaka"]
[Date "2025.02.17"]
[Round "2.8"]
[White "Ghosh, Chanchal Kumer"]
[Black "Rahman, Syed Mahfuzur"]
[Result "1-0"]
[Annotator "RC"]
[ECO "D93"]
[WhiteElo "2041"]
[BlackElo "2113"]
[PlyCount "93"]
[EventDate "2025.02.17"]
[EventType "swiss"]
[EventCountry "BAN"]
[SourceTitle "playchess.com"]
[Source "ChessBase"]
[SourceQuality "1"]
[TimeControl "5400+30"]

1. d4 Nf6 2. c4 g6 3. Nc3 d5 4. Nf3 Bg7 5. Bf4 c6 6. e3 O-O 7. h3 Bf5 8. Rc1 Ne4 9. Bd3 Nxc3 10. bxc3 Bxd3 11. Qxd3 Nd7 12. O-O Nb6 13. Nd2 e5 14. Bg3 dxc4 15. Nxc4 exd4 16. cxd4 c5 17. Bd6 cxd4 18. Bxf8 Kxf8 19. Nxb6 axb6 20. exd4 Qxd4 21. Qxd4 Bxd4 22. Rc2 Re8 23. Rd1 Bc5 24. Rd7 Re7 25. Rxe7 Kxe7 26. Kf1 Kd6 27. Ke2 b5 28. g4 b6 29. f4 Kd5 30. Kd3 Bd6 31. Rf2 f5 32. gxf5 gxf5 33. Rg2 Bxf4 34. Rg7 h6 35. Rb7 Bd6 36. Rxb6 b4 37. Rb7 Ke5 38. Rh7 Bf8 39. Rh8 Bg7 40. Rb8 Kf4 41. Rxb4+ Kf3 42. a4 f4 43. a5 Bf8 44. Rb5 Kg2 45. a6 f3 46. a7 f2 47. a8=Q+ 1-0

[Event "GM ZIA Smirity-A 2025"]
[Site "Dhaka"]
[Date "2025.02.17"]
[Round "2.9"]
[White "Kazi Zarin, Tasnim"]
[Black "Neelava, Choudhury"]
[Result "1-0"]
[Annotator "NA RC"]
[ECO "C47"]
[WhiteElo "1897"]
[BlackElo "1784"]
[PlyCount "75"]
[EventDate "2025.02.17"]
[EventType "swiss"]
[EventCountry "BAN"]
[SourceTitle "playchess.com"]
[Source "ChessBase"]
[SourceQuality "1"]
[TimeControl "5400+30"]

1. e4 e5 2. Nf3 Nc6 3. d4 exd4 4. Nxd4 Nf6 5. Nc3 Bb4 6. Nxc6 bxc6 7. Bd3 d5 8. exd5 cxd5 9. O-O O-O 10. Bg5 Be6 11. Qf3 Be7 12. h3 Rb8 13. b3 c5 14. Ne2 Nd7 15. Bxe7 Qxe7 16. Nf4 Ne5 17. Bxh7+ Kxh7 18. Qh5+ Kg8 19. Qxe5 Rbd8 20. Rad1 d4 21. Rfe1 Rfe8 22. Rd3 Qd6 23. Qxd6 Rxd6 24. c3 Red8 25. Nxe6 fxe6 26. cxd4 cxd4 27. f4 Kf7 28. Kf2 Kf6 29. Kf3 Rc8 30. Re2 Rd5 31. Ke4 Rcd8 32. Rf2 g6 33. g4 e5 34. fxe5+ Ke6 35. Rf6+ Ke7 36. Rxg6 a5 37. Rd6 R8xd6 38. exd6+ 1-0

[Event "GM ZIA Smirity-A 2025"]
[Site "Dhaka"]
[Date "2025.02.17"]
[Round "2.10"]
[White "Swarnavo Choudhury"]
[Black "Islam, M.M. Zahirul"]
[Result "1-0"]
[Annotator "NA"]
[ECO "C00"]
[WhiteElo "2120"]
[BlackElo "1912"]
[PlyCount "70"]
[EventDate "2025.02.17"]
[EventType "swiss"]
[EventCountry "BAN"]
[SourceTitle "playchess.com"]
[Source "ChessBase"]
[SourceQuality "1"]
[TimeControl "5400+30"]

1. e4 e6 2. d3 d5 3. Nd2 c5 4. Ngf3 Nf6 5. g3 Nc6 6. Bg2 Be7 7. O-O O-O 8. Qe2 Qc7 9. Rd1 b6 10. Nf1 Ba6 11. e5 Nd7 12. Bf4 Rac8 13. c3 Rfe8 14. h4 Nf8 15. h5 h6 16. N1h2 Nh7 17. Ng4 d4 18. c4 Kh8 19. Nd2 Bg5 20. Ne4 Bxf4 21. gxf4 Rf8 22. Nd6 Rb8 23. Rf1 Ne7 24. Rae1 Nf5 25. Nxf5 exf5 26. Nh2 Bb7 27. Bxb7 Qxb7 28. Nf3 Qe7 29. e6 Rfe8 30. Ne5 Qxe6 31. Qf3 Qf6 32. Nd7 Qh4 33. Nxb8 Rxb8 34. Kg2 Rg8 35. Rh1 Qd8 1-0

[Event "GM ZIA Smirity-A 2025"]
[Site "Dhaka"]
[Date "2025.02.17"]
[Round "2.11"]
[White "Tahmidul, Haque"]
[Black "Rayan Rashid Mugdho"]
[Result "1-0"]
[Annotator "NA RC"]
[ECO "A14"]
[WhiteElo "2016"]
[BlackElo "1861"]
[PlyCount "67"]
[EventDate "2025.02.17"]
[EventType "swiss"]
[EventCountry "BAN"]
[SourceTitle "playchess.com"]
[Source "ChessBase"]
[SourceQuality "1"]
[TimeControl "5400+30"]

1. Nf3 Nf6 2. d4 e6 3. g3 d5 4. Bg2 c5 5. e3 Nc6 6. O-O b6 7. Nbd2 Be7 8. c4 Bb7 9. b3 O-O 10. Bb2 Rc8 11. Re1 Re8 12. h4 Ne4 13. cxd5 Nxd2 14. Qxd2 exd5 15. dxc5 Bxc5 16. Red1 Qe7 17. a3 Na5 18. Qd3 f6 19. Nd2 Qf7 20. Rac1 Be7 21. Bh3 Rxc1 22. Rxc1 Bd6 23. Nf3 Nc6 24. Qf5 Be5 25. Nxe5 fxe5 26. Qxf7+ Kxf7 27. Bd7 Re6 28. Bxe6+ Kxe6 29. b4 b5 30. Kf1 Kd6 31. Ke2 Ne7 32. f4 Nc6 33. fxe5+ Ke6 34. g4 1-0

[Event "GM ZIA Smirity-A 2025"]
[Site "Dhaka"]
[Date "2025.02.17"]
[Round "2.12"]
[White "Md Nasir Uddin"]
[Black "Safayat, Kibria Azaan"]
[Result "1-0"]
[Annotator "NA"]
[ECO "B97"]
[WhiteElo "2010"]
[BlackElo "1850"]
[PlyCount "61"]
[EventDate "2025.02.17"]
[EventType "swiss"]
[EventCountry "BAN"]
[SourceTitle "playchess.com"]
[Source "ChessBase"]
[SourceQuality "1"]
[TimeControl "5400+30"]

1. e4 c5 2. Nf3 d6 3. d4 cxd4 4. Nxd4 Nf6 5. Nc3 a6 6. Bg5 e6 7. f4 h6 8. Bh4 Qb6 9. Qd2 Qb5 10. b3 Qxb3 11. Rb1 Qa3 12. e5 dxe5 13. fxe5 Nfd7 14. Ne4 Qxa2 15. Rd1 Qd5 16. Qe3 Qxe5 17. c3 Nc6 18. Nxe6 fxe6 19. Bg3 Bc5 20. Qd3 Qf5 21. Bd6 Nce5 22. Qb1 Nf7 23. Bd3 Bxd6 24. Nxd6+ Nxd6 25. Bxf5 Nxf5 26. g4 Ne7 27. O-O Nf6 28. Qd3 O-O 29. Qe2 Ng6 30. Kg2 e5 31. Qc4+ 1-0

[Event "GM ZIA Smirity-A 2025"]
[Site "Dhaka"]
[Date "2025.02.17"]
[Round "2.13"]
[White "Aiyan, Rahman"]
[Black "Sagor"]
[Result "1/2-1/2"]
[Annotator "NA"]
[ECO "A31"]
[WhiteElo "1827"]
[BlackElo "2001"]
[PlyCount "39"]
[EventDate "2025.02.17"]
[EventType "swiss"]
[EventCountry "BAN"]
[SourceTitle "playchess.com"]
[Source "ChessBase"]
[SourceQuality "1"]
[TimeControl "5400+30"]

1. e4 c5 2. Nf3 e6 3. d4 cxd4 4. Nxd4 a6 5. c4 Qc7 6. Nc3 Nf6 7. Be3 d6 8. f3 Be7 9. Be2 Nbd7 10. O-O O-O 11. Qd2 b6 12. Rfd1 Bb7 13. Rac1 Rac8 14. Kh1 Qb8 15. Bf1 Ne5 16. b3 Nfd7 17. Qf2 Bd8 18. Na4 Bc7 19. b4 Nc6 20. Nb3 1/2-1/2

[Event "GM ZIA Smirity-A 2025"]
[Site "Dhaka"]
[Date "2025.02.17"]
[Round "2.14"]
[White "Tashriq Saihan, Shan"]
[Black "Khan, Nazrana"]
[Result "1/2-1/2"]
[Annotator "NA"]
[ECO "B42"]
[WhiteElo "1974"]
[BlackElo "1840"]
[PlyCount "95"]
[EventDate "2025.02.17"]
[EventType "swiss"]
[EventCountry "BAN"]
[SourceTitle "playchess.com"]
[Source "ChessBase"]
[SourceQuality "1"]
[TimeControl "5400+30"]

1. e4 c5 2. Nf3 e6 3. d4 cxd4 4. Nxd4 a6 5. Bd3 Nf6 6. O-O Qc7 7. Qe2 d6 8. f4 g6 9. f5 Bg7 10. fxe6 fxe6 11. Be3 e5 12. Nf3 O-O 13. c4 Nbd7 14. Nc3 Nc5 15. b4 Ne6 16. Nd5 Nxd5 17. cxd5 Nf4 18. Qd2 Bg4 19. h3 Bxf3 20. Rxf3 Rac8 21. Rc1 Qxc1+ 22. Qxc1 Rxc1+ 23. Bxc1 Nxd3 24. Rxd3 Rc8 25. Bd2 Rc4 26. Re3 b5 27. Be1 Bh6 28. Re2 Bg5 29. Kf2 Bh4+ 30. g3 Bg5 31. Kf3 Bc1 32. Bd2 Bxd2 33. Rxd2 Kf7 34. Rb2 Rc3+ 35. Kf2 h5 36. h4 Ke7 37. Re2 Ra3 38. Rd2 Kd7 39. Re2 Rc3 40. Re3 Rc2+ 41. Re2 Rc3 42. Re3 Rc2+ 43. Re2 Rc3 44. Kf1 Ra3 45. Kf2 Kc7 46. Rc2+ Kb7 47. Rc6 Rxa2+ 48. Kf3 1/2-1/2

[Event "GM ZIA Smirity-A 2025"]
[Site "Dhaka"]
[Date "2025.02.17"]
[Round "2.15"]
[White "Abrar, Reazul Ahnaf Mohamma"]
[Black "Hamid, Rani"]
[Result "1-0"]
[Annotator "NA"]
[ECO "B48"]
[WhiteElo "1771"]
[BlackElo "1913"]
[PlyCount "67"]
[EventDate "2025.02.17"]
[EventType "swiss"]
[EventCountry "BAN"]
[SourceTitle "playchess.com"]
[Source "ChessBase"]
[SourceQuality "1"]
[TimeControl "5400+30"]

1. e4 c5 2. Nf3 e6 3. d4 cxd4 4. Nxd4 a6 5. Nc3 Qc7 6. Be2 Nf6 7. a3 Be7 8. O-O O-O 9. Be3 Nc6 10. f4 d6 11. Qe1 Bd7 12. Rd1 Nxd4 13. Bxd4 Bc6 14. Bf3 Rac8 15. Qg3 b5 16. e5 Ne8 17. Ne4 Bxe4 18. Bxe4 f5 19. exf6 Bxf6 20. c3 Bxd4+ 21. Rxd4 Nf6 22. Re1 Rce8 23. Bc2 Kh8 24. Red1 d5 25. Re1 g6 26. Re5 Qf7 27. Qe1 Nd7 28. Rg5 Qf6 29. Qh4 Kg7 30. Rg4 Qf7 31. Rd3 Ne5 32. Rh3 Kg8 33. Rg5 Qa7+ 34. Kh1 1-0

[Event "GM ZIA Smirity-A 2025"]
[Site "Dhaka"]
[Date "2025.02.18"]
[Round "3.1"]
[White "Mehdi Hasan Parag"]
[Black "Sakline Mostafa, Sajid"]
[Result "0-1"]
[Annotator "ChessBase"]
[ECO "B31"]
[WhiteElo "2158"]
[BlackElo "2199"]
[PlyCount "74"]
[EventDate "2025.02.17"]
[EventType "swiss"]
[EventCountry "BAN"]
[SourceTitle "playchess.com"]
[Source "ChessBase"]
[SourceQuality "1"]
[TimeControl "5400+30"]

1. e4 c5 2. Nf3 Nc6 3. Bb5 Nf6 4. Bxc6 dxc6 5. d3 g6 6. h3 Bg7 7. O-O O-O 8. Nc3 b6 9. Bg5 Ne8 10. Qd2 f6 11. Be3 e5 12. Nh2 Nc7 13. f4 exf4 14. Rxf4 Ne6 15. Rf2 Nd4 16. Bh6 Be6 17. Raf1 c4 18. Bxg7 Kxg7 19. e5 f5 20. Ng4 Qh4 21. Ne3 Rad8 22. Rf4 Qe7 23. Qf2 cxd3 24. cxd3 c5 25. h4 Nc6 26. Nc4 Rxd3 27. Re1 Rd4 28. Nd6 Nb4 29. Rxd4 cxd4 30. Qxd4 Nc2 31. Qd2 Nxe1 32. Qxe1 Qc7 33. Qg3 f4 34. Qg5 h6 35. Qf6+ Rxf6 36. Ne8+ Kf7 37. Nxc7 Rf5 0-1

[Event "GM ZIA Smirity-A 2025"]
[Site "Dhaka"]
[Date "2025.02.18"]
[Round "3.2"]
[White "Zia, Tahsin Tajwar"]
[Black "Sajidul, Haque"]
[Result "1-0"]
[Annotator "ChessBase"]
[ECO "A45"]
[WhiteElo "2323"]
[BlackElo "2107"]
[PlyCount "77"]
[EventDate "2025.02.17"]
[EventType "swiss"]
[EventCountry "BAN"]
[SourceTitle "playchess.com"]
[Source "ChessBase"]
[SourceQuality "1"]
[TimeControl "5400+30"]

1. d4 Nf6 2. Bg5 Ne4 3. Bf4 d5 4. e3 c5 5. Bd3 Qb6 6. Bxe4 dxe4 7. Nc3 cxd4 8. Qxd4 Qxd4 9. exd4 f5 10. f3 exf3 11. Nxf3 e6 12. O-O-O Bb4 13. Nb5 Na6 14. c3 Bd7 15. a4 Be7 16. d5 Bxb5 17. axb5 Nc5 18. Nd4 exd5 19. Nxf5 Ne6 20. Rhe1 Kf7 21. Nxe7 Nxf4 22. Nxd5 Nxd5 23. Rxd5 Rad8 24. Rxd8 Rxd8 25. Kc2 Rd5 26. c4 Rf5 27. Re2 g5 28. Kc3 h5 29. b4 b6 30. Ra2 Ke6 31. Rxa7 Rf2 32. Rb7 Rxg2 33. Rxb6+ Kd7 34. Rg6 g4 35. Rg7+ Kc8 36. b6 h4 37. c5 Rg1 38. Kc4 h3 39. c6 1-0

[Event "GM ZIA Smirity-A 2025"]
[Site "Dhaka"]
[Date "2025.02.18"]
[Round "3.3"]
[White "Noshin, Anjum"]
[Black "Md Minhaz Uddin"]
[Result "0-1"]
[Annotator "ChessBase"]
[ECO "C42"]
[WhiteElo "2053"]
[BlackElo "2230"]
[PlyCount "50"]
[EventDate "2025.02.17"]
[EventType "swiss"]
[EventCountry "BAN"]
[SourceTitle "playchess.com"]
[Source "ChessBase"]
[SourceQuality "1"]
[TimeControl "5400+30"]

1. e4 e5 2. Nf3 Nf6 3. Nxe5 d6 4. Nf3 Nxe4 5. d4 d5 6. Bd3 Nc6 7. O-O Be7 8. Nbd2 f5 9. c4 Nb4 10. Be2 Be6 11. Ne5 O-O 12. a3 Nc6 13. Nxc6 bxc6 14. Nf3 Bf6 15. Qa4 Qd6 16. c5 Qd7 17. h4 Bf7 18. Bg5 Bh5 19. Bf4 Rae8 20. Qd1 Qe7 21. Ne5 Bxe2 22. Qxe2 Bxe5 23. Bxe5 Qxh4 24. b4 f4 25. Qf3 Ng5 0-1

[Event "GM ZIA Smirity-A 2025"]
[Site "Dhaka"]
[Date "2025.02.18"]
[Round "3.5"]
[White "Islam, Khandaker Aminul"]
[Black "Kazi Zarin, Tasnim"]
[Result "0-1"]
[Annotator "ChessBase"]
[ECO "A14"]
[WhiteElo "2169"]
[BlackElo "1897"]
[PlyCount "90"]
[EventDate "2025.02.17"]
[EventType "swiss"]
[EventCountry "BAN"]
[SourceTitle "playchess.com"]
[Source "ChessBase"]
[SourceQuality "1"]
[TimeControl "5400+30"]

1. Nf3 d5 2. c4 e6 3. g3 Nf6 4. Bg2 c5 5. O-O Nc6 6. b3 Be7 7. e3 O-O 8. Bb2 dxc4 9. bxc4 Qd3 10. Qc1 Rd8 11. Na3 a6 12. Rd1 Qd6 13. d4 Qc7 14. Qb1 b6 15. Ng5 cxd4 16. exd4 h6 17. Nxf7 Kxf7 18. d5 exd5 19. cxd5 Bg4 20. Rc1 Nxd5 21. Qe4 Be6 22. Nc4 Qd7 23. Rd1 Qc8 24. Rac1 Bc5 25. Qh7 Nf6 26. Bxf6 Kxf6 27. Qe4 Bxc4 28. Qxc4 Ne5 29. Qf4+ Qf5 30. Qxf5+ Kxf5 31. Bxa8 Rxa8 32. Kg2 Ng4 33. Rd7 Kg6 34. f3 Nf6 35. Rd3 Re8 36. Rc2 Re1 37. h4 Nh5 38. Kh2 Rf1 39. Re2 Rc1 40. Rd7 Rc3 41. Kg2 a5 42. Re6+ Nf6 43. g4 Rc2+ 44. Kg3 h5 45. Re5 Nxd7 0-1

[Event "GM ZIA Smirity-A 2025"]
[Site "Dhaka"]
[Date "2025.02.18"]
[Round "3.6"]
[White "Ghosh, Chanchal Kumer"]
[Black "Mohammad, Javed"]
[Result "0-1"]
[Annotator "NA"]
[ECO "B45"]
[WhiteElo "2041"]
[BlackElo "2139"]
[PlyCount "38"]
[EventDate "2025.02.17"]
[EventType "swiss"]
[EventCountry "BAN"]
[SourceTitle "playchess.com"]
[Source "ChessBase"]
[SourceQuality "1"]
[TimeControl "5400+30"]

1. e4 c5 2. Nf3 Nc6 3. d4 cxd4 4. Nxd4 Nf6 5. Nc3 e6 6. Bf4 Bb4 7. Ndb5 Nxe4 8. Qf3 d5 9. Nc7+ Kf8 10. Nxa8 e5 11. Bg3 Qa5 12. Bc4 Nd4 13. Qd3 Bxc3+ 14. bxc3 dxc4 15. Qxc4 Nxc2+ 16. Kd1 Bf5 17. Qc7 Nxc3+ 18. Kd2 Nb1+ 19. Kd1 Qd2# 0-1

[Event "GM ZIA Smirity-A 2025"]
[Site "Dhaka"]
[Date "2025.02.18"]
[Round "3.7"]
[White "Anata, Choudhury"]
[Black "Alam, Monjur"]
[Result "1-0"]
[Annotator "ChessBase"]
[ECO "B28"]
[WhiteElo "2206"]
[BlackElo "1906"]
[PlyCount "75"]
[EventDate "2025.02.17"]
[EventType "swiss"]
[EventCountry "BAN"]
[SourceTitle "playchess.com"]
[Source "ChessBase"]
[SourceQuality "1"]
[TimeControl "5400+30"]

1. e4 e6 2. d4 d5 3. e5 c5 4. c3 Nc6 5. Nf3 a6 6. Bd3 cxd4 7. cxd4 Nge7 8. Na3 Nf5 9. Nc2 Be7 10. O-O Qb6 11. g4 Nh6 12. h3 Bd7 13. Bd2 Ng8 14. b4 h5 15. g5 g6 16. a4 a5 17. b5 Na7 18. Ne3 Nc8 19. Qb1 Bf8 20. Rc1 Nce7 21. h4 Nf5 22. Bxf5 gxf5 23. Ng2 Ne7 24. Qd3 Ng6 25. Rc2 Be7 26. Nf4 Kf8 27. Rac1 Qd8 28. Rc7 b6 29. R1c2 Kg7 30. Bc1 Rc8 31. Rxc8 Bxc8 32. Nxg6 fxg6 33. Ba3 Bb7 34. Qc3 Kf7 35. Qc7 Ba8 36. Qa7 Re8 37. Rc7 Kf8 38. Rxe7 1-0

[Event "GM ZIA Smirity-A 2025"]
[Site "Dhaka"]
[Date "2025.02.18"]
[Round "3.8"]
[White "Wadifa, Ahmed"]
[Black "Abrar, Reazul Ahnaf Mohamma"]
[Result "1-0"]
[Annotator "NA"]
[ECO "C92"]
[WhiteElo "2053"]
[BlackElo "1771"]
[PlyCount "111"]
[EventDate "2025.02.17"]
[EventType "swiss"]
[EventCountry "BAN"]
[SourceTitle "playchess.com"]
[Source "ChessBase"]
[SourceQuality "1"]
[TimeControl "5400+30"]

1. e4 e5 2. Nf3 Nc6 3. Bb5 a6 4. Ba4 Nf6 5. O-O Be7 6. Re1 b5 7. Bb3 d6 8. c3 O-O 9. h3 Bb7 10. d4 Re8 11. Nbd2 Bf8 12. Bc2 g6 13. a4 Bg7 14. Nf1 exd4 15. cxd4 Nb4 16. d5 c6 17. dxc6 Bxc6 18. axb5 Nxc2 19. Qxc2 Bxe4 20. Qb3 Qb6 21. Bf4 axb5 22. Rxa8 Bxa8 23. Rd1 d5 24. Be3 Qb7 25. Nd4 b4 26. Nd2 Ne4 27. Qa4 Rc8 28. N2b3 Bf8 29. Ra1 Nc5 30. Nxc5 Bxc5 31. Qd1 Qe7 32. Rc1 Bb7 33. Qd2 Qe5 34. Qd3 Qf6 35. Ra1 Bb6 36. b3 Rc3 37. Qd1 Qh4 38. Ra4 Qe7 39. Nb5 Rc6 40. Nd4 Rc8 41. Nf5 gxf5 42. Bxb6 Qf6 43. Bd4 Qd6 44. Qd2 f4 45. Rxb4 Bc6 46. Bb2 f6 47. Rxf4 Rf8 48. Rg4+ Kh8 49. Qh6 Qe7 50. Qc1 Bd7 51. Rg3 Re8 52. Qf4 Rf8 53. Re3 Qg7 54. Qd6 Bf5 55. Rf3 Qg6 56. Qxf8+ 1-0

[Event "GM ZIA Smirity-A 2025"]
[Site "Dhaka"]
[Date "2025.02.18"]
[Round "3.9"]
[White "Chowdhury, Sohel"]
[Black "Md Nasir Uddin"]
[Result "1/2-1/2"]
[Annotator "NA"]
[ECO "C42"]
[WhiteElo "2018"]
[BlackElo "2010"]
[PlyCount "77"]
[EventDate "2025.02.17"]
[EventType "swiss"]
[EventCountry "BAN"]
[SourceTitle "playchess.com"]
[Source "ChessBase"]
[SourceQuality "1"]
[TimeControl "5400+30"]

1. e4 e5 2. Nf3 Nf6 3. Nxe5 d6 4. Nf3 Nxe4 5. Nc3 Nxc3 6. dxc3 Be7 7. Bf4 O-O 8. Qd2 Bf6 9. O-O-O Nc6 10. Kb1 Bf5 11. h3 a5 12. Rg1 a4 13. a3 Na5 14. Bd3 Qc8 15. g4 Bxd3 16. Qxd3 g6 17. h4 Qe6 18. g5 Bg7 19. Rde1 Qc4 20. Re4 Qxd3 21. cxd3 Nb3 22. d4 Rfe8 23. Rge1 Rxe4 24. Rxe4 Kf8 25. Be3 d5 26. Rg4 Re8 27. Kc2 Re6 28. Nd2 Na5 29. h5 Ke8 30. h6 Bf8 31. Kd3 Rb6 32. Kc2 Re6 33. Rg1 Kd7 34. Rg3 Bd6 35. Rf3 Ke8 36. Kd3 b5 37. Rh3 Nc6 38. Nf3 Na5 39. Nd2 1/2-1/2

[Event "GM ZIA Smirity-A 2025"]
[Site "Dhaka"]
[Date "2025.02.18"]
[Round "3.10"]
[White "Rayan Rashid Mugdho"]
[Black "Rahman, Syed Mahfuzur"]
[Result "0-1"]
[Annotator "NA"]
[ECO "B01"]
[WhiteElo "1861"]
[BlackElo "2113"]
[PlyCount "94"]
[EventDate "2025.02.17"]
[EventType "swiss"]
[EventCountry "BAN"]
[SourceTitle "playchess.com"]
[Source "ChessBase"]
[SourceQuality "1"]
[TimeControl "5400+30"]

1. e4 d5 2. exd5 Qxd5 3. Nc3 Qa5 4. d4 c6 5. Nf3 Nf6 6. Bc4 Bf5 7. O-O Nbd7 8. Re1 e6 9. Bf4 Be7 10. Ne5 O-O 11. Bd3 Bg6 12. Qe2 Qb6 13. Bxg6 hxg6 14. Nxd7 Nxd7 15. d5 e5 16. dxc6 bxc6 17. Bxe5 Nxe5 18. Qxe5 Bf6 19. Na4 Bxe5 20. Nxb6 Bxb2 21. Rab1 axb6 22. Rxb2 b5 23. f3 Ra4 24. c3 Rd8 25. Kf2 Kf8 26. Ree2 g5 27. Rbd2 Rxd2 28. Rxd2 Rc4 29. Rd3 Ke7 30. Ke3 Ke6 31. Kd2 Ra4 32. Re3+ Kd6 33. Rd3+ Kc7 34. Re3 Rxa2+ 35. Ke1 Kd6 36. Kf1 Rc2 37. Kg1 c5 38. Rd3+ Kc6 39. Re3 f6 40. g3 b4 41. cxb4 cxb4 42. h4 gxh4 43. gxh4 Kd5 44. h5 Kd4 45. Re7 b3 46. Rd7+ Ke5 47. Rxg7 b2 0-1

[Event "GM ZIA Smirity-A 2025"]
[Site "Dhaka"]
[Date "2025.02.18"]
[Round "3.11"]
[White "Sagor"]
[Black "Tashriq Saihan, Shan"]
[Result "0-1"]
[Annotator "NA"]
[ECO "C84"]
[WhiteElo "2001"]
[BlackElo "1974"]
[PlyCount "92"]
[EventDate "2025.02.17"]
[EventType "swiss"]
[EventCountry "BAN"]
[SourceTitle "playchess.com"]
[Source "ChessBase"]
[SourceQuality "1"]
[TimeControl "5400+30"]

1. e4 e5 2. Nf3 Nc6 3. Bb5 a6 4. Ba4 Nf6 5. O-O Be7 6. d4 exd4 7. e5 Ne4 8. Nxd4 Nxd4 9. Qxd4 Nc5 10. Nc3 Nxa4 11. Qxa4 O-O 12. Be3 d5 13. Rad1 c6 14. Ne2 Qc7 15. f4 Be6 16. c3 Bg4 17. Qc2 f6 18. Bd4 fxe5 19. Bxe5 Bd6 20. Bxd6 Qxd6 21. g3 Rae8 22. Rd2 Re3 23. Kg2 Qd7 24. Ng1 Rfe8 25. h3 Bf5 26. Qd1 R8e6 27. c4 Qe7 28. cxd5 cxd5 29. Nf3 Be4 30. Kh2 Bxf3 31. Rxf3 d4 32. Rff2 Re1 33. Qf3 R6e4 34. Qb3+ Qf7 35. Qc2 Qd5 36. Rg2 h6 37. Qc8+ Kh7 38. Qc2 Qc6 39. Qd3 Qc1 40. Rgf2 Kh8 41. Qc2 Rh1+ 42. Kg2 Qg1+ 43. Kf3 Re3+ 44. Kg4 Qxg3+ 45. Kf5 Qxh3+ 46. Kg6 Qe6# 0-1